 Dungeon Crawl Stone Soup version 0.24-a0-537-g2d01d4ab0a (webtiles) character file.

Game seed: 12025503956587302801

2790 Gargoyl the Chopper (level 9, -2/74 HPs)
             Began as a Centaur Abyssal Knight on Aug 13, 2019.
             Was an Elder of Lugonu.
             Shot with an arrow by a centaur (12 damage)
             ... on level 6 of the Dungeon.
             The game lasted 00:11:07 (7781 turns).

Gargoyl the Chopper (Centaur Abyssal Knight)        Turns: 7781, Time: 00:11:08

Health: -2/74      AC:  8    Str: 17    XL:     9   Next: 43%
Magic:  13/13      EV: 11    Int: 11    God:    Lugonu [****..]
Gold:   308        SH:  0    Dex: 10    Spells: 8/8 levels left

rFire    . . .     SeeInvis .   o - +9 staff of Olgreb {rPois}
rCold    . . .     Gourm    .   (no shield)
rNeg     . . .     Faith    .   g - +1 leather armour {rPois}
rPois    ∞         Spirit   .   i - +0 helmet
rElec    .         Reflect  .   k - +0 cloak
rCorr    .         Harm     .   (no gloves)
MR       .....                  (no barding)
Stlth    ..........             (no amulet)
HPRegen  0.22/turn              (no ring)
MPRegen  0.13/turn              (no ring)

@: very quick
A: large, hooves 3, deformed body, speed 2, tough skin 3
a: Depart the Abyss, Bend Space, Banish, Corrupt, Renounce Religion


You were on level 6 of the Dungeon.
You worshipped Lugonu.
Lugonu was greatly pleased with you.
You were not hungry.

You visited 1 branch of the dungeon, and saw 6 of its levels.
You visited the Abyss 1 time.

You collected 308 gold pieces.

Inventory:

Hand Weapons
 a - a +3 hand axe
 o - the +9 staff of Olgreb (weapon) {rPois}
   (You found it on level 5 of the Dungeon)

   It protects you from poison.
Armour
 g - a +1 leather armour of poison resistance (worn)
 i - a +0 helmet (worn)
 k - a +0 cloak (worn)
Wands
 h - a wand of clouds (1)
Scrolls
 d - 2 scrolls of identify
 e - a scroll of immolation
 l - a scroll of magic mapping
 n - 3 scrolls of teleportation
Potions
 b - 2 potions of haste
 f - 2 potions of curing
 j - 2 potions of agility
 m - a potion of might
 p - a potion of heal wounds {unknown}
Comestibles
 c - 11 rations


   Skills:
 + Level 5.5 Fighting
 + Level 6.8 Axes
 + Level 0.1 Staves
 * Level 4.3 Armour
 * Level 4.3 Dodging
 * Level 6.3 Invocations
 + Level 1.0 Evocations


You had 8 spell levels left.
You didn't know any spells.
Your spell library contained the following spells:

 Spells                   Type           Power        Failure   Level  Hunger
 Beastly Appendage        Tmut           #.....       38%         1    ##.....
 Sticks to Snakes         Tmut           #.......     54%         2    ###....
 Spider Form              Tmut/Pois      #.........   77%         3    ####...
 Ice Form                 Ice/Tmut       #.......     99%         4    #####..
 Blade Hands              Tmut           #.........   100%        5    ######.


Dungeon Overview and Level Annotations

Branches:
Dungeon (6/15)             Temple (0/1) D:4

Altars:
Kikubaaqudgha
Makhleb
Okawaru
Wu Jian

Annotations:
D:5 1 runed translucent door
Abyss:1 Ijyb


Innate Abilities, Weirdness & Mutations

You have hooves in place of feet.
Armour fits poorly on your strangely shaped body.
You cover ground very quickly.
You have extremely tough skin. (AC +3)


Message History

Done waiting.
The centaur shouts!
You hear a shout!
The centaur shoots an arrow.
The arrow closely misses you.
You see here 5 arrows.
The centaur shoots an arrow.
The arrow hits you!
The centaur shoots an arrow.
The arrow hits you.
The centaur shoots an arrow.
The arrow hits you!
The centaur shoots an arrow.
The arrow hits you but does no damage.
The centaur shoots an arrow.
The arrow hits you!
The centaur shoots an arrow.
The arrow closely misses you.
The centaur shoots an arrow.
The arrow hits you!
The centaur shoots an arrow.
The arrow hits you!
* * * LOW HITPOINT WARNING * * *
The centaur shoots an arrow.
The arrow hits you!
* * * LOW HITPOINT WARNING * * *
The centaur shoots an arrow.
The arrow barely misses you.
The centaur shoots an arrow.
The arrow barely misses you.
The centaur shoots an arrow.
The arrow hits you.
* * * LOW HITPOINT WARNING * * *
The centaur shoots an arrow.
The arrow hits you!
You die...

.........#........# ...
#.......##.# #.# ###.###.#
.# #.# #.###.##.## #.#
#.).......# ##)##
#.........# ##...##
#.###..##.# ##....(##
#.####<# # ##......(##
#@.###(##.#.
#........(####(.((.......#
+.........'.......≈≈≈≈..h#
#.......(.###....≈≈≈≈≈≈≈≈..
##[....>...##≈≈≈≈≈≈≈≈≈≈≈≈≈≈
##.....##≈≈≈≈≈≈≈≈≈≈≈≈≈≈≈≈≈
##...##≈≈≈≈≈≈≈≈≈≈≈≈≈.c≈≈≈
##'###≈≈≈≈≈≈≈≈≈≈≈cc....≈
#.# #≈≈≈≈≈≈≈≈≈≈cc...c


You could see 2 centaurs.

Vanquished Creatures
  Eustachio (D:4)
  4 soldier ants (D:5)
  2 water moccasins (D:5)
  A black bear (D:6)
  A phantom (D:6)
  2 ogres
  2 centaurs
  Blork the orc (D:4)
  A bullfrog (D:6)
  A scorpion (D:5)
  7 killer bees (D:5)
  3 howler monkeys
  2 hounds
  2 orc priests
  A centaur skeleton (D:5)
  4 orc wizards
  Natasha (thrice) (D:2)
  7 worker ants
  3 hound skeletons (D:5)
  9 adders
  A shadow imp (D:5)
  A worm (D:2)
  7 leopard geckos
  15 orcs
  8 bats
  4 giant cockroaches
  3 goblins
  4 hobgoblins
  5 jackals
  4 kobolds
  3 quokkas
  7 frilled lizards
  A leopard gecko zombie (D:5)
  A quokka zombie (D:5)
  11 rats
  2 plants (D:2)
134 creatures vanquished.

Vanquished Creatures (collateral kills)
  A soldier ant (D:5)
  A killer bee (D:5)
2 creatures vanquished.

Vanquished Creatures (others)
  A soldier ant (D:5)
  A worker ant (D:5)
  4 starspawn tentacles (Abyss:2)
6 creatures vanquished.

Grand Total: 142 creatures vanquished

Notes
Turn   | Place    | Note
-------+----------+-------------------------------------------
     0 | Abyss:1  | Gargoyl the Centaur Abyssal Knight began the quest for the
                  | Orb.
     0 | Abyss:1  | Reached XP level 1. HP: 19/19 MP: 2/2
    13 | Abyss:2  | Found a bloodstained altar of Trog.
    14 | Abyss:2  | Noticed a tentacled starspawn
    41 | Abyss:2  | Noticed a small abomination
    57 | Abyss:2  | Noticed a flying skull
    59 | Abyss:2  | Noticed a small abomination
    66 | Abyss:2  | Noticed a thrashing horror
    67 | D:1      | Escaped the Abyss
   424 | D:1      | Reached * piety under Lugonu
   485 | D:1      | Reached XP level 2. HP: 19/26 MP: 3/3
   811 | D:1      | Reached skill level 1 in Dodging
  1109 | D:2      | Found a faded altar of an unknown god.
  1116 | D:2      | Reached XP level 3. HP: 29/31 MP: 4/4
  1283 | D:2      | Reached ** piety under Lugonu
  1513 | D:2      | Found an ancient bone altar of Kikubaaqudgha.
  1574 | D:2      | Noticed Natasha
  1581 | D:2      | Killed Natasha
  1581 | D:2      | Reached XP level 4. HP: 37/38 MP: 5/5
  1593 | D:2      | Noticed Natasha
  1600 | D:2      | Killed Natasha
  1718 | D:2      | Noticed Natasha
  1730 | D:2      | Killed Natasha
  1929 | D:3      | Reached XP level 5. HP: 46/46 MP: 7/7
  2262 | D:3      | Found an ornate altar of the Wu Jian Council.
  2262 | D:3      | Found an iron altar of Okawaru.
  2523 | D:3      | Found a burning altar of Makhleb.
  2602 | D:3      | Reached XP level 6. HP: 52/52 MP: 8/8
  2747 | D:4      | Noticed Eustachio
  2833 | D:4      | Killed Eustachio
  2937 | D:4      | Reached *** piety under Lugonu
  3267 | D:4      | Noticed Ijyb
  3268 | D:4      | Banished Ijyb
  3510 | D:4      | Reached XP level 7. HP: 18/59 MP: 9/9
  3799 | D:4      | Noticed Blork the orc
  3808 | D:4      | Killed Blork the orc
  4143 | D:4      | Found a staircase to the Ecumenical Temple.
  4464 | D:5      | Entered Level 5 of the Dungeon
  4842 | D:5      | Found a runed translucent door.
  4844 | D:5      | Found a runed translucent gate.
  4844 | D:5      | Found a runed translucent gate.
  4851 | D:5      | Found the +9 staff of Olgreb {rPois}
  4854 | D:5      | Found a runed translucent door.
  4876 | D:5      | Found a runed translucent gate.
  4924 | D:5      | Reached skill level 5 in Axes
  4924 | D:5      | Reached XP level 8. HP: 58/67 MP: 9/11
  4949 | D:5      | Reached skill level 5 in Invocations
  5609 | D:5      | Reached skill level 5 in Fighting
  5692 | D:5      | Reached XP level 9. HP: 54/74 MP: 13/13
  5857 | D:5      | Reached **** piety under Lugonu
  6015 | D:5      | Reached skill level 1 in Evocations
  6830 | D:6      | HP: 3/74 [centaur/arrow (10)]
  7781 | D:6      | Shot with an arrow by a centaur

Levels and vault maps discovered:
D:1:      nzn_arrival_crosshair, layout_loops_cross, kennysheep_small_spiral
D:2:      layout_rooms, overflow_temple_1_default, serial_forest,
          infiniplex_forest_clump_C, infiniplex_forest_fountain,
          infiniplex_forest_end_1, infiniplex_forest_clump_medium,
          infiniplex_forest_lined_3, infiniplex_forest_straight_2,
          infiniplex_forest_clump_long, chequers_ecumenical_altar_simple_redux,
          uniq_natasha
D:3:      layout_loops_cross, bloody_makhleb, grunt_temple_overflow_open,
          first_ration
D:4:      layout_basic, minmay_temple_entry_glassed_door,
          kennysheep_generic_room_11, uniq_blork_the_orc, uniq_ijyb,
          uniq_eustachio
D:5:      layout_loops_corners, minmay_guarded_unrand_staff_of_olgreb
D:6:      layout_loops_corners, gammafunk_ghost_nasty_kobolds, centaur_isle

Skill      XL: |  1  2  3  4  5  6  7  8  9 |
---------------+----------------------------+-----
Dodging        | 1 2 3 4 |  4.3
Axes           | 2 3 5 6 |  6.8
Armour         | 2 3 4 |  4.3
Invocations    | 3 4 5 6 |  6.3
Fighting       | 4 5 |  5.5
Evocations     | 1 |  1.0
Staves         | |  0.1

Action                   |  1- 3 |  4- 6 |  7- 9 || total
-------------------------+-------+-------+-------++-------
Melee: Hand axe          |   112 |   112 |   199 ||   423
       Kick              |    23 |    21 |    51 ||    95
       Staff             |       |       |    29 ||    29
Invok: Depart the Abyss  |     1 |       |       ||     1
       Banish            |       |     1 |       ||     1
Evoke: Wand              |       |       |     4 ||     4
       Staff of Olgreb   |       |       |     1 ||     1
  Use: Scroll            |     4 |     8 |     2 ||    14
       Potion            |     1 |     3 |     1 ||     5
 Stab: Confused          |       |       |     3 ||     3
  Eat: Chunk             |     1 |     6 |     5 ||    12
       Ration            |       |       |     2 ||     2
Armor: Leather armour    |    42 |    55 |    92 ||   189
       Skin              |       |     9 |       ||     9
Dodge: Dodged            |    67 |    62 |   132 ||   261

Table legend:
 A = Non-vault XP
 B = Vault XP
 C = Vault XP percentage of total XP
 D = Non-vault monster count
 E = Vault monster count
 F = Vault count percentage of total count
                 A         B        C        D         E       F
            +---------+---------+-------+---------+---------+-------
      Total |    1836 |    2150 |  53.9 |     108 |      29 |  21.2
            +---------+---------+-------+---------+---------+-------
        D:1 |      38 |       0 |   0.0 |      21 |       0 |   0.0
        D:2 |     120 |      37 |  23.6 |      17 |       1 |   5.6
        D:3 |     185 |       0 |   0.0 |      24 |       0 |   0.0
        D:4 |     206 |     303 |  59.5 |      12 |       3 |  20.0
        D:5 |     639 |    1810 |  73.9 |      27 |      25 |  48.1
        D:6 |     648 |       0 |   0.0 |       7 |       0 |   0.0
            +---------+---------+-------+---------+---------+-------
